[Event "EYCC Girls-U16 2019"]
[Site "Bratislava"]
[Date "2019.08.06"]
[Round "5.19"]
[White "Adamczyk, Zuzanna"]
[Black "Siekanska, Zuzanna"]
[Result "1-0"]
[ECO "B40"]
[WhiteElo "1900"]
[BlackElo "1570"]
[Annotator "NA"]
[PlyCount "101"]
[EventDate "2019.08.02"]
[EventType "swiss"]
[EventCountry "SVK"]
[SourceTitle "playchess.com"]
[Source "ChessBase"]
[SourceQuality "1"]
[TimeControl "40/5400+30:1800+30"]

1. e4 c5 2. Nf3 e6 3. c4 Nc6 4. Nc3 Nf6 5. Be2 b6 6. O-O Bb7 7. d4 cxd4 8. Nxd4 Qb8 9. Nc2 Nb4 10. a3 Nxc2 11. Qxc2 Bc5 12. Kh1 Bd4 13. Bd3 Qe5 14. Ne2 Bc5 15. Bf4 Qh5 16. b4 Be7 17. f3 g5 18. Bg3 Qh6 19. e5 Nh5 20. Be4 Rb8 21. Rad1 Qg7 22. Bxb7 Rxb7 23. Qe4 Rb8 24. Bf2 f5 25. Qd4 Rd8 26. g4 fxg4 27. fxg4 Nf4 28. Nxf4 gxf4 29. Qxf4 h5 30. Rg1 Rf8 31. Qg3 hxg4 32. Bd4 Rg8 33. Qf4 Qg6 34. Rdf1 Rc8 35. Bb2 Qh5 36. Bc1 Bh4 37. Rg2 Ke7 38. Qd4 Rcf8 39. Qd6+ Ke8 40. Rd1 Rg7 41. c5 Qf5 42. Bh6 Rff7 43. Bxg7 Rxg7 44. Qb8+ Bd8 45. c6 Qf3 46. Qd6 g3 47. cxd7+ Kf7 48. Qd3 Qc6 49. Rf1+ Kg8 50. Qf3 Qxd7 51. Rxg3 1-0

[Event "EYCC Girls-U16 2019"]
[Site "Bratislava"]
[Date "2019.08.06"]
[Round "5.20"]
[White "Simonova, Stela"]
[Black "Ilyina, Lada"]
[Result "0-1"]
[ECO "A45"]
[WhiteElo "1677"]
[BlackElo "2048"]
[Annotator "NA"]
[PlyCount "66"]
[EventDate "2019.08.02"]
[EventType "swiss"]
[EventCountry "SVK"]
[SourceTitle "playchess.com"]
[Source "ChessBase"]
[SourceQuality "1"]
[TimeControl "40/5400+30:1800+30"]

1. d4 Nf6 2. e3 g6 3. Bd3 Bg7 4. c3 O-O 5. Nd2 d6 6. Ngf3 b6 7. O-O Bb7 8. Qe2 a6 9. b3 Nbd7 10. e4 e5 11. dxe5 dxe5 12. Bb2 Nh5 13. g3 Nc5 14. Bc2 a5 15. Rfd1 Qe7 16. Nf1 Nf6 17. N1d2 Nfd7 18. Ba3 Rfd8 19. Qe3 Qe8 20. Re1 Bf8 21. Bb2 Ne6 22. Rad1 f6 23. Bd3 Ndc5 24. Bf1 Bc6 25. Kh1 b5 26. c4 b4 27. a3 Rd7 28. axb4 axb4 29. Ra1 Rad8 30. Ra5 Nd3 31. Rb1 Bc5 32. Qe2 Nxf2+ 33. Kg2 Rxd2 0-1

[Event "EYCC Girls-U16 2019"]
[Site "Bratislava"]
[Date "2019.08.06"]
[Round "5.21"]
[White "Vanduyfhuys, Daria"]
[Black "Korenova, Simona"]
[Result "1-0"]
[ECO "D52"]
[WhiteElo "2114"]
[BlackElo "1764"]
[Annotator "NA"]
[PlyCount "71"]
[EventDate "2019.08.02"]
[EventType "swiss"]
[EventCountry "SVK"]
[SourceTitle "playchess.com"]
[Source "ChessBase"]
[SourceQuality "1"]
[TimeControl "40/5400+30:1800+30"]

1. d4 d5 2. c4 c6 3. Nf3 Nf6 4. Nc3 e6 5. Bg5 Nbd7 6. e3 Be7 7. cxd5 exd5 8. Bd3 Ne4 9. Bxe7 Qxe7 10. Qc2 Ndf6 11. O-O O-O 12. Rab1 Bf5 13. b4 Nxc3 14. Qxc3 Bxd3 15. Qxd3 Ne4 16. b5 Rfc8 17. Ne5 c5 18. f3 cxd4 19. exd4 Rc3 20. Qe2 Nd6 21. Qd2 Rac8 22. Rfe1 Qh4 23. Nc6 R3xc6 24. bxc6 bxc6 25. Qb4 Nf5 26. Rbd1 Qg5 27. Qd2 Qg6 28. Qf4 h6 29. Re5 Nd6 30. Re7 Nb5 31. h3 Nc3 32. Rc1 Nxa2 33. Ra1 f6 34. Rxa2 Qb1+ 35. Kh2 Qxa2 36. Qg4 1-0

[Event "EYCC Girls-U16 2019"]
[Site "Bratislava"]
[Date "2019.08.06"]
[Round "5.22"]
[White "Sleurs, Juliette"]
[Black "Eizaguerri Floris, Maria"]
[Result "1/2-1/2"]
[ECO "B40"]
[WhiteElo "1834"]
[BlackElo "2099"]
[Annotator "NA"]
[PlyCount "96"]
[EventDate "2019.08.02"]
[EventType "swiss"]
[EventCountry "SVK"]
[SourceTitle "playchess.com"]
[Source "ChessBase"]
[SourceQuality "1"]
[TimeControl "40/5400+30:1800+30"]

1. e4 c5 2. Nf3 e6 3. d3 Nc6 4. g3 d5 5. Nbd2 Bd6 6. Bg2 Nf6 7. O-O O-O 8. Re1 Bc7 9. Qe2 Rb8 10. Nf1 e5 11. exd5 Nxd5 12. Ne3 Nb6 13. Nc4 Nxc4 14. dxc4 Bg4 15. c3 h6 16. Qc2 f5 17. Nh4 e4 18. Ng6 Rf6 19. Nf4 Ne5 20. Nd5 Rf7 21. Bf4 Nd3 22. Bxc7 Rxc7 23. Nxc7 Nxe1 24. Rxe1 Qxc7 25. h3 Bh5 26. g4 Bg6 27. gxf5 Bxf5 28. Re3 Qd7 29. h4 Rd8 30. Bxe4 Qd1+ 31. Qxd1 Rxd1+ 32. Kg2 Bxe4+ 33. Rxe4 Rd2 34. b4 Rxa2 35. Re7 b6 36. Rc7 Rc2 37. bxc5 bxc5 38. Rxc5 Rxc3 39. Rc7 a5 40. c5 a4 41. Ra7 a3 42. c6 Kh7 43. c7 Kg6 44. Rxa3 Rxc7 45. Ra5 Rc3 46. Rb5 Kf6 47. Ra5 Rc4 48. Kg3 Rc3+ 1/2-1/2

[Event "EYCC Girls-U16 2019"]
[Site "Bratislava"]
[Date "2019.08.06"]
[Round "5.23"]
[White "Duran, Esma Doga"]
[Black "Dejanovic, Tereza"]
[Result "0-1"]
[ECO "D35"]
[WhiteElo "2096"]
[BlackElo "1834"]
[Annotator "NA"]
[PlyCount "58"]
[EventDate "2019.08.02"]
[EventType "swiss"]
[EventCountry "SVK"]
[SourceTitle "playchess.com"]
[Source "ChessBase"]
[SourceQuality "1"]
[TimeControl "40/5400+30:1800+30"]

1. d4 d5 2. c4 e6 3. Nc3 Nf6 4. cxd5 exd5 5. Bg5 Be7 6. e3 h6 7. Bh4 O-O 8. Bd3 b6 9. Nge2 Bb7 10. Qc2 c5 11. O-O-O c4 12. Bf5 Nc6 13. f3 b5 14. Nxb5 Nb4 15. Qb1 Ba6 16. Nec3 Rb8 17. a4 Bxb5 18. Nxb5 Nc6 19. g4 Nxg4 20. Bxe7 Qxe7 21. fxg4 Qxe3+ 22. Rd2 a6 23. Kd1 Qf3+ 24. Kc1 Qxh1+ 25. Rd1 Qxh2 26. Nc3 Qf4+ 27. Rd2 Nxd4 28. Bc2 Rfe8 29. Nxd5 Re1+ 0-1

[Event "EYCC Girls-U16 2019"]
[Site "Bratislava"]
[Date "2019.08.06"]
[Round "5.24"]
[White "Rzali, Sabina"]
[Black "Radikovic, Anamarija"]
[Result "1/2-1/2"]
[ECO "B92"]
[WhiteElo "1691"]
[BlackElo "2021"]
[Annotator "NA"]
[PlyCount "93"]
[EventDate "2019.08.02"]
[EventType "swiss"]
[EventCountry "SVK"]
[SourceTitle "playchess.com"]
[Source "ChessBase"]
[SourceQuality "1"]
[TimeControl "40/5400+30:1800+30"]

1. e4 c5 2. Nf3 d6 3. d4 cxd4 4. Nxd4 Nf6 5. Nc3 a6 6. Be2 e5 7. Nb3 Be7 8. Be3 Be6 9. O-O O-O 10. f3 Nbd7 11. Qe1 Rc8 12. Rd1 b5 13. Bd3 Nb6 14. Nd2 Nh5 15. Qf2 Nd7 16. Ne2 Nc5 17. Bxc5 dxc5 18. Kh1 c4 19. Nxc4 bxc4 20. Bxc4 Bxc4 21. Rxd8 Rfxd8 22. b3 Bc5 23. Qe1 Bb4 24. Qxb4 Bxe2 25. Rg1 Rxc2 26. Qe7 Rdc8 27. Qxe5 R2c5 28. Qd6 h6 29. h3 Rc2 30. a4 a5 31. Re1 R8c3 32. Qe5 Rc5 33. Qe8+ Kh7 34. Qxf7 Rg5 35. Rg1 Ng3+ 36. Kh2 Nf1+ 37. Kh1 Ng3+ 38. Kh2 Nf1+ 39. Kh1 Ne3 40. Qf4 Nf1 41. e5 Bd3 42. e6 Ng3+ 43. Kh2 Re2 44. Qd6 Nf1+ 45. Kh1 Ng3+ 46. Kh2 Nf1+ 47. Kh1 1/2-1/2

[Event "EYCC Girls-U16 2019"]
[Site "Bratislava"]
[Date "2019.08.07"]
[Round "6.1"]
[White "Sade, Defne"]
[Black "Waszczuk, Patrycja"]
[Result "0-1"]
[ECO "B83"]
[WhiteElo "1897"]
[BlackElo "2119"]
[Annotator "NA"]
[PlyCount "102"]
[EventDate "2019.08.02"]
[EventType "swiss"]
[EventCountry "SVK"]
[SourceTitle "playchess.com"]
[Source "ChessBase"]
[SourceQuality "1"]
[TimeControl "40/5400+30:1800+30"]

1. e4 c5 2. Nf3 e6 3. d4 cxd4 4. Nxd4 Nf6 5. Nc3 d6 6. Be2 Be7 7. Be3 Nc6 8. O-O O-O 9. f4 a6 10. Kh1 Qc7 11. Qe1 Nxd4 12. Bxd4 e5 13. fxe5 dxe5 14. Qg3 Bd6 15. Be3 Ne8 16. Rad1 Be6 17. Qh4 Be7 18. Qg3 b5 19. Bd3 Rd8 20. Rf3 Nf6 21. Bg5 Kh8 22. Rdf1 Nh5 23. Qh4 Bxg5 24. Qxg5 Nf4 25. Qh4 b4 26. Nd5 Bxd5 27. exd5 h6 28. g3 Nxd3 29. cxd3 Qb7 30. Qe4 Rxd5 31. Rf5 Qd7 32. Qxb4 Kg8 33. Qc4 Qe6 34. Qe4 f6 35. Rh5 Rd4 36. Qg6 Rg4 37. Qf5 Qd5+ 38. Kg1 Qd4+ 39. Kh1 Rd8 40. Qe6+ Kh7 41. Qxa6 Qd5+ 42. Kg1 Rb8 43. Qa3 Rd4 44. Rhf5 Rxd3 45. b3 Ra8 46. Qc1 Rxa2 47. R5f2 Rxf2 48. Kxf2 Rd2+ 49. Ke1 Rxh2 50. Qb1+ Kh8 51. Rf2 Rh1+ 0-1

[Event "EYCC Girls-U16 2019"]
[Site "Bratislava"]
[Date "2019.08.07"]
[Round "6.2"]
[White "Malicka, Maria"]
[Black "Krasteva, Beloslava"]
[Result "1/2-1/2"]
[ECO "B94"]
[WhiteElo "2115"]
[BlackElo "2327"]
[Annotator "NA"]
[PlyCount "153"]
[EventDate "2019.08.02"]
[EventType "swiss"]
[EventCountry "SVK"]
[SourceTitle "playchess.com"]
[Source "ChessBase"]
[SourceQuality "1"]
[TimeControl "40/5400+30:1800+30"]

1. e4 c5 2. Nf3 d6 3. d4 cxd4 4. Nxd4 Nf6 5. Nc3 a6 6. Bg5 Nbd7 7. a4 e6 8. a5 Qc7 9. Nb3 Be7 10. Be2 O-O 11. O-O Rd8 12. Qd4 h6 13. Be3 Nc5 14. Rfd1 Bd7 15. Qc4 Rac8 16. Nxc5 dxc5 17. f4 Bc6 18. Rxd8+ Qxd8 19. Bf3 Ne8 20. Qe2 Nc7 21. Na4 Nb5 22. Nb6 Nd4 23. Qf2 Rb8 24. Rd1 Nxf3+ 25. Qxf3 Qe8 26. f5 Rd8 27. fxe6 fxe6 28. Rxd8 Qxd8 29. Qg4 Kh8 30. h3 Bf6 31. Qxe6 Bd4 32. Bxd4 Qxd4+ 33. Kh2 Qxe4 34. Qxe4 Bxe4 35. Nd7 c4 36. c3 Kg8 37. Kg3 Bc6 38. Nb6 Bb5 39. Kf4 Kf7 40. Kf5 g5 41. g3 Bc6 42. Ke5 Bg2 43. Nxc4 Bxh3 44. Nd6+ Kg6 45. Nxb7 h5 46. Nc5 Bc8 47. c4 h4 48. gxh4 gxh4 49. Nd3 Kf7 50. Kd6 h3 51. Nf2 Ke8 52. Kc7 Be6 53. b3 h2 54. Kb7 Kd8 55. Kxa6 Kc7 56. Kb5 Bd7+ 57. Kc5 Bc6 58. b4 h1=Q 59. Nxh1 Bxh1 60. b5 Bf3 61. a6 Be2 62. b6+ Kb8 63. Kc6 Bf3+ 64. Kd6 Be2 65. Kd5 Bf1 66. Kc6 Bg2+ 67. Kc5 Bf1 68. Kd4 Be2 69. Kd5 Bf1 70. Kc6 Bg2+ 71. Kd7 Bf1 72. c5 Bxa6 73. c6 Bc8+ 74. Kd8 Bg4 75. b7 Bf5 76. Ke7 Kc7 77. Kf6 1/2-1/2

[Event "EYCC Girls-U16 2019"]
[Site "Bratislava"]
[Date "2019.08.07"]
[Round "6.3"]
[White "Getman, Tatyana"]
[Black "Marcinczyk, Monika"]
[Result "1-0"]
[ECO "A53"]
[WhiteElo "2143"]
[BlackElo "1960"]
[Annotator "NA"]
[PlyCount "77"]
[EventDate "2019.08.02"]
[EventType "swiss"]
[EventCountry "SVK"]
[SourceTitle "playchess.com"]
[Source "ChessBase"]
[SourceQuality "1"]
[TimeControl "40/5400+30:1800+30"]

1. d4 Nf6 2. c4 d6 3. Nc3 Nbd7 4. e4 e5 5. d5 Nc5 6. Qc2 a5 7. Nf3 g6 8. h3 Bg7 9. Bg5 O-O 10. Nd2 Bd7 11. Be2 c6 12. Be3 Rc8 13. Bxc5 dxc5 14. Rd1 cxd5 15. cxd5 Ne8 16. a4 Nd6 17. Nc4 Qc7 18. Nxd6 Qxd6 19. Bb5 f5 20. Bxd7 Qxd7 21. Qb3 fxe4 22. Nxe4 Rf4 23. f3 c4 24. Qb5 Qxb5 25. axb5 Bf8 26. d6 Rd8 27. Ke2 Rxe4+ 28. fxe4 Rxd6 29. Rxd6 Bxd6 30. Rd1 Bc5 31. Rd8+ Kf7 32. Rd7+ Ke6 33. Rxb7 a4 34. Kd2 h5 35. Rc7 Bd4 36. Rxc4 Kd7 37. Kc2 g5 38. Rxa4 Kc7 39. Rxd4 1-0

[Event "EYCC Girls-U16 2019"]
[Site "Bratislava"]
[Date "2019.08.07"]
[Round "6.4"]
[White "Lehaci, Miruna-Daria"]
[Black "Hryzlova, Sofiia"]
[Result "1-0"]
[ECO "C10"]
[WhiteElo "2201"]
[BlackElo "1799"]
[Annotator "NA"]
[PlyCount "91"]
[EventDate "2019.08.02"]
[EventType "swiss"]
[EventCountry "SVK"]
[SourceTitle "playchess.com"]
[Source "ChessBase"]
[SourceQuality "1"]
[TimeControl "40/5400+30:1800+30"]

1. e4 e6 2. d4 d5 3. Nc3 Nc6 4. Nf3 Nf6 5. e5 Ne4 6. Ne2 Be7 7. Ng3 Ng5 8. Nxg5 Bxg5 9. f4 Bh6 10. c3 O-O 11. Bd3 f5 12. O-O b6 13. b3 Ne7 14. Be3 Bb7 15. Qe2 c6 16. a4 a5 17. Rfc1 Ng6 18. Qf2 Qh4 19. Ne2 Qxf2+ 20. Kxf2 c5 21. g3 Rfc8 22. c4 Ba6 23. Rc3 Ne7 24. Rac1 g6 25. dxc5 bxc5 26. cxd5 Nxd5 27. Bxa6 Nxc3 28. Bxc8 Ne4+ 29. Ke1 Rxc8 30. Nc3 Nxc3 31. Rxc3 Bf8 32. Ke2 Kf7 33. Kd3 Rb8 34. Kc2 Rc8 35. Bd2 Ra8 36. Rd3 Ke8 37. Kc3 Be7 38. Kc4 Ra7 39. Kb5 Bd8 40. Kxc5 Rc7+ 41. Kb5 Rb7+ 42. Ka6 Rb8 43. Ka7 Rc8 44. Rc3 Bc7 45. Kb7 Rd8 46. Be3 1-0

[Event "EYCC Girls-U16 2019"]
[Site "Bratislava"]
[Date "2019.08.07"]
[Round "6.5"]
[White "Mkrtchyan, Mariam"]
[Black "Kuhar, Larisa"]
[Result "1-0"]
[ECO "D02"]
[WhiteElo "1981"]
[BlackElo "1894"]
[Annotator "NA"]
[PlyCount "89"]
[EventDate "2019.08.02"]
[EventType "swiss"]
[EventCountry "SVK"]
[SourceTitle "playchess.com"]
[Source "ChessBase"]
[SourceQuality "1"]
[TimeControl "40/5400+30:1800+30"]

1. d4 d5 2. Nf3 c5 3. c4 dxc4 4. e4 cxd4 5. Qxd4 Qxd4 6. Nxd4 Bd7 7. Bxc4 Nc6 8. Nxc6 Bxc6 9. Nc3 e6 10. Be3 Bb4 11. f3 Nf6 12. Kf2 O-O 13. Nb5 a6 14. Nd4 Bd7 15. e5 Nd5 16. Bxd5 exd5 17. Rac1 Rac8 18. a3 Bc5 19. Nb3 Bxe3+ 20. Kxe3 b6 21. Rxc8 Rxc8 22. Rc1 Kf8 23. Rxc8+ Bxc8 24. Nc1 Ke7 25. Ne2 Ke6 26. Kd4 g5 27. Nc3 Bb7 28. Na4 f6 29. exf6 Kxf6 30. Nxb6 Ke6 31. Na4 Kd6 32. Nc5 Bc8 33. b4 h5 34. a4 h4 35. h3 Bf5 36. Nxa6 Bc2 37. Nc5 Kc6 38. b5+ Kb6 39. Kxd5 Bd1 40. Kc4 Be2+ 41. Kb4 Bf1 42. a5+ Ka7 43. b6+ Kb8 44. a6 Bxg2 45. Nd7+ 1-0

[Event "EYCC Girls-U16 2019"]
[Site "Bratislava"]
[Date "2019.08.07"]
[Round "6.6"]
[White "Bulatova, Kamaliya"]
[Black "Laurincova, Kristyna"]
[Result "0-1"]
[ECO "D85"]
[WhiteElo "2157"]
[BlackElo "1981"]
[Annotator "NA"]
[PlyCount "92"]
[EventDate "2019.08.02"]
[EventType "swiss"]
[EventCountry "SVK"]
[SourceTitle "playchess.com"]
[Source "ChessBase"]
[SourceQuality "1"]
[TimeControl "40/5400+30:1800+30"]

1. d4 Nf6 2. c4 g6 3. Nc3 d5 4. cxd5 Nxd5 5. e4 Nxc3 6. bxc3 Bg7 7. Nf3 c5 8. Rb1 O-O 9. Be2 Nc6 10. d5 Ne5 11. Nxe5 Bxe5 12. Qd2 e6 13. f4 Bg7 14. O-O exd5 15. exd5 Qd6 16. Kh1 b6 17. c4 Bf5 18. Rb3 Rfe8 19. Bf3 Re7 20. a4 Rae8 21. a5 Bd4 22. axb6 axb6 23. h3 Be3 24. Rxe3 Rxe3 25. Qxe3 Rxe3 26. Bxe3 Qd7 27. Re1 Bxh3 28. f5 Bxf5 29. Bh6 f6 30. d6 Be6 31. Bf4 Kf7 32. Rb1 Qd8 33. Ra1 g5 34. Ra7+ Kg6 35. Bg3 f5 36. Re7 f4 37. Bxf4 gxf4 38. Rxe6+ Kf5 39. Bd5 Qd7 40. Rh6 Ke5 41. Kg1 b5 42. Kf2 Kd4 43. Kf3 bxc4 44. Be4 Qg7 45. Re6 Qg3+ 46. Ke2 Qg4+ 0-1

[Event "EYCC Girls-U16 2019"]
[Site "Bratislava"]
[Date "2019.08.07"]
[Round "6.7"]
[White "Loskutova, Viktoriya"]
[Black "Kvendseth, Thyra"]
[Result "1-0"]
[ECO "A05"]
[WhiteElo "2019"]
[BlackElo "1977"]
[Annotator "NA"]
[PlyCount "67"]
[EventDate "2019.08.02"]
[EventType "swiss"]
[EventCountry "SVK"]
[SourceTitle "playchess.com"]
[Source "ChessBase"]
[SourceQuality "1"]
[TimeControl "40/5400+30:1800+30"]

1. Nf3 Nf6 2. c4 g6 3. Nc3 Bg7 4. d4 d6 5. e4 O-O 6. h3 e5 7. d5 Nbd7 8. Bg5 a5 9. Be2 Nc5 10. Nd2 c6 11. g4 Qc7 12. Qc2 Ne8 13. Be3 Na6 14. a3 f5 15. exf5 gxf5 16. f3 f4 17. Bf2 Nf6 18. Nde4 Kh8 19. O-O-O cxd5 20. Nxf6 Bxf6 21. Nxd5 Qc6 22. Bd3 h6 23. Be4 Qe8 24. Nb6 Rb8 25. Rxd6 Be6 26. Rhd1 Qf7 27. Bd5 Rfe8 28. Bxe6 Rxe6 29. Rxe6 Qxe6 30. Qg6 e4 31. Qxh6+ Kg8 32. Qg6+ Kh8 33. Bd4 Rf8 34. Nd5 1-0

[Event "EYCC Girls-U16 2019"]
[Site "Bratislava"]
[Date "2019.08.07"]
[Round "6.8"]
[White "Djidjeli, Sarah"]
[Black "Dubovyk, Anastasiia"]
[Result "1-0"]
[ECO "B52"]
[WhiteElo "2017"]
[BlackElo "1824"]
[Annotator "NA"]
[PlyCount "117"]
[EventDate "2019.08.02"]
[EventType "swiss"]
[EventCountry "SVK"]
[SourceTitle "playchess.com"]
[Source "ChessBase"]
[SourceQuality "1"]
[TimeControl "40/5400+30:1800+30"]

1. e4 c5 2. Nf3 d6 3. Bb5+ Bd7 4. Bxd7+ Qxd7 5. O-O Nf6 6. Re1 g6 7. e5 dxe5 8. Nxe5 Qc7 9. d3 Bg7 10. Nc3 O-O 11. Qf3 Nfd7 12. Nd5 Nxe5 13. Nxc7 Nxf3+ 14. gxf3 Nc6 15. Nxa8 Rxa8 16. c3 Rd8 17. Be3 Ne5 18. Bxc5 Nxf3+ 19. Kg2 Nxe1+ 20. Rxe1 e6 21. d4 b6 22. Be7 Rd5 23. Bh4 h5 24. Bg3 g5 25. h4 g4 26. f3 gxf3+ 27. Kxf3 b5 28. Be5 Bh6 29. b3 a6 30. c4 bxc4 31. bxc4 Ra5 32. Re2 f6 33. Bd6 Kf7 34. a3 Rf5+ 35. Kg3 Rf1 36. Rc2 Rc1 37. Rxc1 Bxc1 38. a4 Ke8 39. Kf3 Kd7 40. Bb4 f5 41. Bf8 Kc6 42. Be7 Bb2 43. Bf6 Kb6 44. c5+ Ka7 45. Kf4 Bc1+ 46. Ke5 f4 47. Ke4 Be3 48. Bg5 Bf2 49. Bxf4 Bxh4 50. Ke5 Bf2 51. Kxe6 Bxd4 52. c6 Bb6 53. Be3 h4 54. c7 Kb7 55. Bxb6 Kc8 56. Kd6 h3 57. Bg1 a5 58. Bh2 Kb7 59. Kd7 1-0

[Event "EYCC Girls-U16 2019"]
[Site "Bratislava"]
[Date "2019.08.07"]
[Round "6.9"]
[White "Czarnecka, Lidia"]
[Black "Afanasieva, Alexandra"]
[Result "1/2-1/2"]
[ECO "B23"]
[WhiteElo "1731"]
[BlackElo "2085"]
[Annotator "NA"]
[PlyCount "78"]
[EventDate "2019.08.02"]
[EventType "swiss"]
[EventCountry "SVK"]
[SourceTitle "playchess.com"]
[Source "ChessBase"]
[SourceQuality "1"]
[TimeControl "40/5400+30:1800+30"]

1. e4 c5 2. Nc3 d6 3. f4 Nc6 4. Nf3 g6 5. d4 cxd4 6. Nxd4 Bg7 7. Be3 Nf6 8. Be2 O-O 9. Nb3 a6 10. O-O b5 11. Bf3 Bb7 12. Qd2 Nd7 13. Rad1 Nb6 14. Be2 Rc8 15. a3 Nc4 16. Bxc4 bxc4 17. Nd4 Nxd4 18. Bxd4 e5 19. fxe5 dxe5 20. Be3 Qxd2 21. Rxd2 f5 22. Nd5 Bxd5 23. Rxd5 Rb8 24. Bc5 Rfe8 25. Bb4 fxe4 26. Re1 e3 27. Rc5 Rbc8 28. Rxc8 Rxc8 29. Rxe3 Kf7 30. Kf2 Ke6 31. Kf3 Kd5 32. Re1 e4+ 33. Rxe4 Bxb2 34. Re7 h5 35. Rd7+ Ke5 36. Re7+ Kf6 37. Rd7 Ke5 38. Re7+ Kd5 39. Rd7+ Ke5 {[%emt 0:00:10] Ke4+} 1/2-1/2

[Event "EYCC Girls-U16 2019"]
[Site "Bratislava"]
[Date "2019.08.07"]
[Round "6.10"]
[White "Hercog, Nusa"]
[Black "Adamczyk, Zuzanna"]
[Result "1/2-1/2"]
[ECO "E12"]
[WhiteElo "2053"]
[BlackElo "1900"]
[Annotator "NA"]
[PlyCount "136"]
[EventDate "2019.08.02"]
[EventType "swiss"]
[EventCountry "SVK"]
[SourceTitle "playchess.com"]
[Source "ChessBase"]
[SourceQuality "1"]
[TimeControl "40/5400+30:1800+30"]

1. d4 Nf6 2. c4 e6 3. Nf3 b6 4. a3 Bb7 5. Nc3 Be7 6. d5 O-O 7. e4 d6 8. Be2 c5 9. O-O e5 10. Ne1 Ne8 11. f4 exf4 12. Bxf4 Bg5 13. Qd2 Bxf4 14. Qxf4 Nd7 15. Nd3 Qe7 16. Rae1 f6 17. Bg4 Nc7 18. Bxd7 Qxd7 19. a4 a5 20. Rf3 Rad8 21. Rh3 Bc8 22. Qh4 g6 23. Rg3 Qg7 24. Rf1 g5 25. Qh5 h6 26. h4 Kh7 27. Qe2 Qe7 28. hxg5 fxg5 29. e5 Rxf1+ 30. Kxf1 Rf8+ 31. Ke1 dxe5 32. Re3 Qf6 33. Nxe5 Re8 34. Nc6 Bg4 35. Re7+ Rxe7 36. Qxe7+ Qxe7+ 37. Nxe7 Kg7 38. d6 Ne8 39. Ned5 Nxd6 40. Nxb6 Be6 41. b3 Kf6 42. Na8 Ke5 43. Nc7 Bf7 44. Na6 Nb7 45. Ne2 Bg6 46. Kd2 Be4 47. g3 h5 48. Nc7 Bc6 49. Ke3 Nd6 50. Kf2 Ne4+ 51. Ke3 Nd6 52. Kf2 h4 53. gxh4 gxh4 54. Ng1 Ne4+ 55. Ke3 Ng5 56. Kf2 h3 57. Kg3 Kd6 58. Nb5+ Bxb5 59. axb5 Ne4+ 60. Kxh3 Nd2 61. Ne2 Nxb3 62. Nc3 Nd2 63. Kg3 Nxc4 64. Na4 Na3 65. b6 c4 66. Kf3 Kc6 67. Ke3 Nb5 68. Kd2 Nd6 1/2-1/2

[Event "EYCC Girls-U16 2019"]
[Site "Bratislava"]
[Date "2019.08.07"]
[Round "6.11"]
[White "Esadze, Tamari"]
[Black "Juhasz, Judit"]
[Result "0-1"]
[ECO "B32"]
[WhiteElo "1997"]
[BlackElo "2050"]
[Annotator "NA"]
[PlyCount "118"]
[EventDate "2019.08.02"]
[EventType "swiss"]
[EventCountry "SVK"]
[SourceTitle "playchess.com"]
[Source "ChessBase"]
[SourceQuality "1"]
[TimeControl "40/5400+30:1800+30"]

1. e4 c5 2. Nf3 Nc6 3. d4 cxd4 4. Nxd4 Qb6 5. Nb3 Nf6 6. Nc3 e6 7. Be3 Qc7 8. a3 a6 9. Be2 b5 10. O-O Be7 11. f4 d6 12. Qd2 O-O 13. Rad1 Bb7 14. Bf3 Rac8 15. Qf2 b4 16. axb4 Nxb4 17. Bd4 Nd7 18. Bxg7 Kxg7 19. Qd4+ Nf6 20. Qxb4 d5 21. Qd4 dxe4 22. Nxe4 Qxc2 23. Na1 Qc7 24. Kh1 Rfd8 25. Qe3 Bxe4 26. Bxe4 Nxe4 27. Qxe4 Rxd1 28. Rxd1 Qc1 29. Qe2 Qxf4 30. g3 Qa4 31. b3 Qc6+ 32. Qg2 Qc3 33. Qe2 Ba3 34. Rb1 f5 35. b4 Bxb4 36. Nb3 Qc6+ 37. Kg1 Bc3 38. Qe3 Qc4 39. Qa7+ Rc7 40. Qe3 h6 41. Qb6 Rd7 42. Qb8 Qd3 43. Rc1 Bd4+ 44. Kg2 Qe4+ 45. Kh3 Be3 46. Qc8 Rf7 47. Qc3+ Kh7 48. Re1 f4 49. Nd2 Qf5+ 50. g4 Qd5 51. Qc2+ Kg7 52. Ne4 h5 53. Rd1 hxg4+ 54. Kxg4 Qf5+ 55. Kh4 Kh6 56. Qe2 Qxe4 57. Qh5+ Kg7 58. Rd8 f3+ 59. Kg3 Qg6+ 0-1

[Event "EYCC Girls-U16 2019"]
[Site "Bratislava"]
[Date "2019.08.07"]
[Round "6.12"]
[White "Guillo Longares, Cecilia"]
[Black "Vanduyfhuys, Daria"]
[Result "1-0"]
[ECO "A18"]
[WhiteElo "1916"]
[BlackElo "2114"]
[Annotator "NA"]
[PlyCount "81"]
[EventDate "2019.08.02"]
[EventType "swiss"]
[EventCountry "SVK"]
[SourceTitle "playchess.com"]
[Source "ChessBase"]
[SourceQuality "1"]
[TimeControl "40/5400+30:1800+30"]

1. c4 e6 2. Nc3 Nf6 3. e4 d6 4. d4 Be7 5. Bd3 Nbd7 6. Nf3 e5 7. O-O O-O 8. h3 exd4 9. Nxd4 Re8 10. f4 Bf8 11. Qf3 Nc5 12. Bc2 a5 13. b3 Bd7 14. Bb2 Ne6 15. Nf5 Bc6 16. Nd5 Nd7 17. Qg3 g6 18. Qc3 f6 19. Nh4 Nec5 20. Rae1 Bg7 21. Qg3 b5 22. e5 dxe5 23. fxe5 Nxe5 24. Bxe5 Rxe5 25. Rxe5 fxe5 26. Nxg6 Bxd5 27. cxd5 Qd6 28. Nh4 Qxd5 29. Nf5 Qd7 30. Rd1 Qxd1+ 31. Bxd1 Ne6 32. Nxg7 Nxg7 33. Qxe5 Re8 34. Qd5+ Kf8 35. Bg4 Re1+ 36. Kh2 Ra1 37. Qc5+ Kg8 38. Bf3 h6 39. Bd5+ Kh7 40. Qc2+ Kh8 41. Qg6 1-0

[Event "EYCC Girls-U16 2019"]
[Site "Bratislava"]
[Date "2019.08.07"]
[Round "6.13"]
[White "Ilyina, Lada"]
[Black "Donghvani, Nia"]
[Result "0-1"]
[ECO "B40"]
[WhiteElo "2048"]
[BlackElo "1864"]
[Annotator "NA"]
[PlyCount "132"]
[EventDate "2019.08.02"]
[EventType "swiss"]
[EventCountry "SVK"]
[SourceTitle "playchess.com"]
[Source "ChessBase"]
[SourceQuality "1"]
[TimeControl "40/5400+30:1800+30"]

1. e4 c5 2. Nf3 e6 3. Nc3 a6 4. g3 Nc6 5. Bg2 Nf6 6. d3 d6 7. O-O Be7 8. Ne1 O-O 9. f4 Bd7 10. g4 Rc8 11. h3 b5 12. Ne2 Ne8 13. c3 f5 14. exf5 exf5 15. g5 Be6 16. d4 d5 17. Be3 c4 18. Nf3 Nd6 19. Ng3 Ne4 20. Nxe4 fxe4 21. Ne5 Bd6 22. Qh5 Ne7 23. Kh2 Nf5 24. Rae1 Qe8 25. Qxe8 Rfxe8 26. Bf2 b4 27. h4 bxc3 28. bxc3 Rb8 29. Rb1 Rb5 30. a4 Ra5 31. Ra1 Bxe5 32. fxe5 Bd7 33. Bh3 g6 34. Bxf5 gxf5 35. Bg3 Rxa4 36. Rxa4 Bxa4 37. Rxf5 Bd7 38. Rf6 Re6 39. Rf1 a5 40. Bf4 Rb6 41. h5 a4 42. Bc1 Rb3 43. g6 hxg6 44. Rf6 gxh5 45. Rg6+ Kh7 46. Rd6 Be8 47. Re6 Rb8 48. Re7+ Kg8 49. Kg3 Bb5 50. Kh4 Ra8 51. Kxh5 a3 52. Kg6 Be8+ 53. Kf6 a2 54. Bb2 e3 55. Rg7+ Kh8 56. Rg1 e2 57. Rh1+ Kg8 58. Rg1+ Kh8 59. Rh1+ Kg8 60. Rg1+ Kf8 61. e6 Bf7 62. exf7 Ra6+ 63. Ke5 Kxf7 64. Kxd5 Rb6 65. Kxc4 Rxb2 66. Ra1 Rb1 0-1

[Event "EYCC Girls-U16 2019"]
[Site "Bratislava"]
[Date "2019.08.07"]
[Round "6.14"]
[White "Muedder, Melanie"]
[Black "Dylag, Emilia"]
[Result "0-1"]
[ECO "B90"]
[WhiteElo "1905"]
[BlackElo "2099"]
[Annotator "NA"]
[PlyCount "76"]
[EventDate "2019.08.02"]
[EventType "swiss"]
[EventCountry "SVK"]
[SourceTitle "playchess.com"]
[Source "ChessBase"]
[SourceQuality "1"]
[TimeControl "40/5400+30:1800+30"]

1. e4 c5 2. Nf3 d6 3. d4 cxd4 4. Nxd4 Nf6 5. Nc3 a6 6. Nb3 Nbd7 7. g4 h6 8. h4 b5 9. Bg2 b4 10. Nd5 Nxd5 11. exd5 Ne5 12. g5 hxg5 13. hxg5 Bg4 14. Qd4 Rxh1+ 15. Bxh1 Bf3 16. Qh4 Qc7 17. Nd4 Qc4 18. Be3 Bxd5 19. Bxd5 Qxd5 20. O-O-O Rc8 21. Qh3 e6 22. f4 Nc6 23. g6 f5 24. Qh8 Nxd4 25. Bxd4 Qg2 26. c3 Qxg6 27. Rg1 Qh6 28. Qg8 bxc3 29. bxc3 Qxf4+ 30. Kb2 Kd7 31. Qf7+ Be7 32. Qxg7 Qd2+ 33. Ka1 Rb8 34. c4 e5 35. Bxe5 dxe5 36. Qxe5 Qd6 37. Qxf5+ Kc7 38. Rf1 Qd4# 0-1